[Event "Titled Tuesday Blitz July 4 Early 2023"]
[White "Durarbayli, Vasif"]
[Black "Nihal Sarin"]
[WhiteFideId "13402935"]
[BlackFideId "25092340"]
[WhiteElo "2919"]
[BlackElo "3118"]
[Result "0-1"]
[Round "10"]
[TimeControl "180+2"]
[Date "2023.07.04"]
[WhiteClock "0:00:00"]
[BlackClock "0:00:22"]
[Board "6"]

1. e4 e5 2. Nf3 Nc6 3. Bb5 Nf6 4. d3 Bc5 5. c3 O-O 6. O-O d6 7. Bg5 h6 8. Bh4 a6 9. Bxc6 bxc6 10. d4 Ba7 11. dxe5 dxe5 12. Qe2 Re8 13. Rd1 Qe7 14. Nbd2 g5 15. Bg3 Nh5 16. Nc4 Nf4 17. Qc2 Qf6 18. Nfxe5 Rxe5 19. Nxe5 Qxe5 20. Rd8+ Kg7 21. Rad1 Rb8 22. Bxf4 Qxf4 23. Qd2 Qxe4 24. Re1 Qf5 25. h3 Be6 26. Rxb8 Bxb8 27. Qd4+ Qf6 28. Qxf6+ Kxf6 29. Re4 Ba7 30. Ra4 Bc8 31. Rc4 c5 32. Re4 Bb6 33. Re8 Be6 34. Ra8 Bxa2 35. Rxa6 Bd5 36. Ra4 Ke5 37. h4 c4 38. hxg5 hxg5 39. Ra1 c6 40. Re1+ Kf4 41. Re8 f5 42. Kf1 Be4 43. Rg8 g4 44. Rb8 Bc5 45. Kg1 g3 46. Kf1 Bd3+ 0-1


[Site "https://www.chess.com"]

[Event "Titled Tuesday Blitz July 4 Early 2023"]
[White "Svane, Rasmus"]
[Black "Martinez Alcantara, Jose Eduardo"]
[WhiteFideId "4657101"]
[BlackFideId "3805662"]
[WhiteElo "2928"]
[BlackElo "3026"]
[Result "1-0"]
[Round "10"]
[TimeControl "180+2"]
[Date "2023.07.04"]
[WhiteClock "0:00:45"]
[BlackClock "0:00:28"]
[Board "7"]

1. Nf3 c5 2. c4 Nc6 3. Nc3 g6 4. e3 Bg7 5. d4 d6 6. Be2 e6 7. O-O Nge7 8. dxc5 dxc5 9. Qxd8+ Nxd8 10. Ne4 b6 11. Nd6+ Kf8 12. Rb1 Bd7 13. b3 Bc6 14. Bb2 Bxb2 15. Rxb2 f6 16. Rd1 Nf7 17. Rbd2 Nc8 18. Nxf7 Kxf7 19. Ne1 e5 20. Nd3 Ne7 21. f4 exf4 22. Nxf4 g5 23. Bh5+ Ng6 24. Rd6 Rac8 25. Nd5 Bxd5 26. Rd7+ Ke6 27. R1xd5 Ne5 28. R5d6+ Kf5 29. Rxa7 Ra8 30. Rxa8 Rxa8 31. a4 g4 32. h3 gxh3 33. gxh3 Rb8 34. Kf2 Kg5 35. Bd1 h5 36. Bc2 h4 37. Be4 Nf7 38. Re6 Ne5 39. Ke2 Nf7 40. Bd5 Ne5 41. Re7 Rd8 42. Re6 Rb8 43. Kd2 Kf5 44. Rd6 Kg5 45. Kc3 Ng6 46. b4 cxb4+ 47. Kxb4 Ne7 48. Kb5 Nf5 49. Rxb6 Re8 50. e4 Nd4+ 51. Kc5 Ne2 52. a5 Nf4 53. a6 Nxh3 54. a7 Nf4 55. Rb8 1-0


[Site "https://www.chess.com"]

[Event "Titled Tuesday Blitz July 4 Early 2023"]
[White "Nguyen, Ngoc Truong Son"]
[Black "Kamsky, Gata"]
[WhiteFideId "12401110"]
[BlackFideId "2000024"]
[WhiteElo "2909"]
[BlackElo "2998"]
[Result "1-0"]
[Round "10"]
[TimeControl "180+2"]
[Date "2023.07.04"]
[WhiteClock "0:00:05"]
[BlackClock "0:00:00"]
[Board "8"]

1. e4 e5 2. Nf3 Nc6 3. Bc4 Bc5 4. d3 Nf6 5. Bg5 h6 6. Bh4 Be7 7. Nc3 d6 8. a3 O-O 9. Bxf6 Bxf6 10. Nd5 g6 11. h4 Bg4 12. Ne3 Bxf3 13. Qxf3 Bxh4 14. c3 Bg5 15. Nd5 Kg7 16. Qe2 Ne7 17. g3 Nxd5 18. Bxd5 c6 19. Bb3 f5 20. exf5 Rxf5 21. O-O Qb6 22. Bc2 Rf7 23. d4 exd4 24. Qd3 Kf8 25. cxd4 d5 26. Rae1 Bf6 27. Qxg6 Bg7 28. Re2 Qxd4 29. Rfe1 Qf6 30. Qh5 Qg5 31. Qxg5 hxg5 32. Bg6 Bf6 33. Bxf7 Kxf7 34. Kg2 Rd8 35. Rh1 Kg6 36. Kf3 c5 37. Rd1 d4 38. Rc2 b6 39. b4 d3 40. Rc4 Bd4 41. bxc5 Bxc5 42. a4 d2 43. Ke2 Re8+ 44. Kxd2 Bxf2 45. g4 Bc5 46. Kc2 Re2+ 47. Rd2 Re1 48. Kb3 a5 49. Kc2 Re3 50. Rd3 Re2+ 51. Kd1 Rg2 52. Rf3 Rg1+ 53. Ke2 Rg2+ 54. Kd3 Ra2 55. Re4 Ra3+ 56. Ke2 Ra2+ 57. Kd1 Ra1+ 58. Kc2 Ra2+ 59. Kb1 Rg2 60. Kc1 Kg7 61. Kd1 Kg6 62. Ke1 Ra2 63. Re6+ Kg7 64. Re4 Kg6 65. Kf1 Kg7 66. Rf5 Kh6 67. Re6+ Kg7 68. Rxg5+ Kf7 69. Re4 Bb4 70. Rf5+ 1-0


[Site "https://www.chess.com"]

[Event "Titled Tuesday Blitz July 4 Early 2023"]
[White "Demchenko, Anton"]
[Black "Khismatullin, Denis"]
[WhiteFideId "4160258"]
[BlackFideId "4142578"]
[WhiteElo "2899"]
[BlackElo "2990"]
[Result "0-1"]
[Round "10"]
[TimeControl "180+2"]
[Date "2023.07.04"]
[WhiteClock "0:00:03"]
[BlackClock "0:00:32"]
[Board "9"]

1. e4 c5 2. Nc3 e6 3. Nf3 a6 4. d4 cxd4 5. Nxd4 b5 6. Bd3 Qb6 7. Nf3 Qc7 8. O-O Bb7 9. Re1 Be7 10. Ne2 Nf6 11. Ng3 Nc6 12. c3 h5 13. h3 Bc5 14. Be3 Bxe3 15. Rxe3 h4 16. Nf1 Ne5 17. Nxe5 Qxe5 18. a4 g5 19. Nh2 Ke7 20. axb5 axb5 21. Rxa8 Rxa8 22. Nf3 Qc5 23. Nd4 b4 24. Bc2 g4 25. e5 Nd5 26. Qxg4 Ra1+ 27. Kh2 Nxe3 28. Qxh4+ Ke8 29. Qh8+ Qf8 30. Qxf8+ Kxf8 31. fxe3 bxc3 32. bxc3 Re1 33. Kg3 Rxe3+ 34. Kf2 Rxc3 35. h4 Rc4 36. Ke3 Bxg2 37. h5 Kg7 38. Bd3 Rc5 39. Kf4 Rd5 40. Ke3 Rxe5+ 41. Kf2 Rd5 42. Ke3 Rxh5 43. Ne2 Re5+ 44. Kf4 f6 45. Ng3 Bc6 46. Bf1 Kf7 47. Be2 Ke7 48. Bh5 Ra5 49. Bg6 Ra4+ 50. Ke3 f5 0-1


[Site "https://www.chess.com"]

[Event "Titled Tuesday Blitz July 4 Early 2023"]
[White "Terry, Renato"]
[Black "Suyarov, Mukhammadzokhid"]
[WhiteFideId "3803457"]
[BlackFideId "14210495"]
[WhiteElo "2990"]
[BlackElo "2735"]
[Result "1-0"]
[Round "10"]
[TimeControl "180+2"]
[Date "2023.07.04"]
[WhiteClock "0:00:06"]
[BlackClock "0:00:04"]
[Board "10"]

1. d4 Nf6 2. Nf3 b6 3. c4 Bb7 4. g3 e6 5. Bg2 Bb4+ 6. Nbd2 O-O 7. O-O d6 8. Qc2 Bxd2 9. Bxd2 Nbd7 10. Rfe1 Be4 11. Qa4 a6 12. Rac1 h6 13. Bf1 e5 14. d5 Nc5 15. Qa3 a5 16. Nh4 Nfd7 17. f3 Bh7 18. e4 Qf6 19. Bh3 Rfe8 20. Qe3 Nf8 21. b3 Ng6 22. Ng2 Ne7 23. Rf1 g5 24. Ne1 Qg7 25. Nd3 f5 26. Nxc5 bxc5 27. Kh1 a4 28. b4 cxb4 29. Bxb4 Rf8 30. Bg2 g4 31. fxg4 fxe4 32. h3 h5 33. Bxe4 hxg4 34. Bxh7+ Qxh7 35. Qg5+ Kh8 36. Qxg4 Nf5 37. Rf3 Nd4 38. Rff1 Rg8 39. Qh4 Qxh4 40. gxh4 Rg3 41. Rc3 Rag8 42. Rxg3 Rxg3 43. Kh2 Rg7 44. a3 Nc2 45. Rf3 e4 46. Rf2 Nxb4 47. axb4 e3 48. Re2 Re7 49. Kg2 Re4 50. c5 Rxb4 51. cxd6 cxd6 52. Rxe3 Rb5 53. Ra3 Ra5 54. Kg3 Kg7 55. Kf4 Kg6 56. Ke4 Kh5 57. Kf5 Kxh4 58. Ke6 Ra6 59. Kd7 Kg5 60. Kc7 Kf5 61. h4 Ra8 62. Kxd6 Kg4 63. Kc6 Kxh4 64. d6 Kg5 65. Kb7 Ra5 66. d7 Rd5 67. Kc6 Rd1 68. Rxa4 Kf6 69. Re4 Kf7 70. Kc7 Rc1+ 71. Kd8 Rd1 72. Re5 Rd2 73. Kc7 Rc2+ 74. Kd6 Rd2+ 75. Kc7 Rc2+ 76. Kd8 Rd2 77. Re1 Rd3 78. Rf1+ Ke6 79. Ke8 Rh3 80. d8=Q Rh8+ 81. Rf8 Rh7 82. Qf6+ Kd5 83. Qf5+ Kd6 84. Qxh7 1-0


[Site "https://www.chess.com"]

[Event "Titled Tuesday Blitz July 4 Early 2023"]
[White "Pap, Gyula"]
[Black "Paravyan, David"]
[WhiteFideId "725323"]
[BlackFideId "4194985"]
[WhiteElo "2859"]
[BlackElo "2985"]
[Result "1-0"]
[Round "10"]
[TimeControl "180+2"]
[Date "2023.07.04"]
[WhiteClock "0:00:17"]
[BlackClock "0:00:01"]
[Board "11"]

1. d4 Nf6 2. c4 g6 3. Nc3 d5 4. Bf4 Bg7 5. Nf3 O-O 6. Rc1 c5 7. dxc5 Be6 8. Nd4 Nc6 9. Nxe6 fxe6 10. e3 Qa5 11. Be2 Rad8 12. Qa4 Qxc5 13. Qb5 Qb4 14. a3 Qxb5 15. cxb5 Na5 16. Bc7 Nb3 17. Bxd8 Nxc1 18. Bxe7 Rc8 19. f3 Nd7 20. Bb4 Ne5 21. Kd2 Nxe2 22. Kxe2 Nc4 23. Rb1 Kf7 24. Nd1 Nb6 25. Bc3 e5 26. b3 Ke6 27. Rc1 Nd7 28. Bd2 Rxc1 29. Bxc1 e4 30. Nf2 Nc5 31. b4 Nb3 32. Bd2 exf3+ 33. gxf3 Bb2 34. a4 Be5 35. h3 Bd6 36. Bc3 Nc1+ 37. Kd2 Na2 38. Nd3 Kf5 39. Kc2 Nxc3 40. Kxc3 b6 41. Kd4 Ke6 42. e4 dxe4 43. Kxe4 g5 44. a5 Be7 45. a6 Bd6 46. Nb2 Bxb4 47. Nc4 Bc5 48. Ne5 Kd6 49. Nc6 Bf2 50. Nxa7 Kc7 51. Nc6 h5 52. Kf5 Be3 53. Ne5 Bd2 54. Nc4 Bc1 55. Kg6 g4 56. fxg4 hxg4 57. hxg4 1-0


[Site "https://www.chess.com"]

[Event "Titled Tuesday Blitz July 4 Early 2023"]
[White "benny_aizenberg"]
[Black "Indjic, Aleksandar"]
[BlackFideId "911925"]
[WhiteElo "2678"]
[BlackElo "2969"]
[Result "1/2-1/2"]
[Round "10"]
[TimeControl "180+2"]
[Date "2023.07.04"]
[WhiteClock "0:00:07"]
[BlackClock "0:00:23"]
[Board "12"]

1. e4 c5 2. Nf3 d6 3. Bb5+ Nd7 4. O-O a6 5. Bd3 e6 6. c3 b5 7. Bc2 c4 8. a4 Bb7 9. axb5 axb5 10. Rxa8 Bxa8 11. Na3 Ngf6 12. Re1 Qb6 13. d4 cxd3 14. Bxd3 b4 15. Qa4 Bc6 16. Qxb4 Qxb4 17. cxb4 d5 18. b5 Bb7 19. e5 Ne4 20. Be3 Ndc5 21. Bb1 Be7 22. Rc1 Kd7 23. b6 Rc8 24. Nb5 Nb3 25. Rd1 Nec5 26. Bc2 Ba6 27. Nfd4 Bxb5 28. Nxb5 Rb8 29. Nd4 Nxd4 30. Bxd4 Rxb6 31. Ra1 Rb7 32. f4 g6 33. Kf2 h5 34. Ke3 Nb3 35. Ra7 Rxa7 36. Bxa7 Bc5+ 37. Bxc5 Nxc5 38. Kd4 Kc6 39. b4 Nd7 40. Ba4+ Kc7 41. g3 Kd8 42. Bc6 Kc7 43. b5 Kd8 44. h3 Kc7 45. g4 hxg4 46. hxg4 Kd8 47. f5 gxf5 48. gxf5 exf5 49. Bxd5 Ke7 50. Bc6 Nb6 51. Kc5 Na4+ 52. Kd4 f6 53. exf6+ Kxf6 54. Kc4 Ke5 55. Kb4 Nb6 56. Bg2 Kd6 57. Ka5 Kc7 58. Bh3 f4 59. Bg4 Nd5 60. Bf3 Nb6 61. Kb4 Kd6 62. Ka5 Kc5 63. Bg2 Nc4+ 64. Ka6 Nb6 65. Bf3 Nd7 66. Bg2 Nb8+ 67. Ka5 Nd7 68. Bf3 Ne5 69. Bh1 Kd4 70. b6 Nc4+ 71. Kb5 Nxb6 72. Kxb6 Ke3 73. Bg2 Kf2 74. Bh1 Kg3 75. Be4 f3 76. Bxf3 1/2-1/2


[Site "https://www.chess.com"]

[Event "Titled Tuesday Blitz July 4 Early 2023"]
[White "Dubov, Daniil"]
[Black "Taspinar, Yanki"]
[WhiteFideId "24126055"]
[BlackFideId "34561188"]
[WhiteElo "3072"]
[BlackElo "2721"]
[Result "1-0"]
[Round "10"]
[TimeControl "180+2"]
[Date "2023.07.04"]
[WhiteClock "0:00:27"]
[BlackClock "0:00:01"]
[Board "13"]

1. e4 e6 2. d4 d5 3. e5 c5 4. c3 Nc6 5. Nf3 Bd7 6. Be2 Rc8 7. O-O Qb6 8. Na3 cxd4 9. cxd4 Nh6 10. Bxh6 gxh6 11. Nc2 Bg7 12. Ne3 f6 13. Ng4 fxe5 14. Ngxe5 Nxd4 15. Nxd4 Bxe5 16. Bh5+ Kd8 17. Nf3 Bd6 18. Rc1 Rf8 19. Rxc8+ Kxc8 20. Qc1+ Kb8 21. Qxh6 Qxb2 22. Qxh7 Bc6 23. Bg4 e5 24. Qh6 Qa3 25. h4 d4 26. h5 Qb4 27. Qg7 Bb5 28. Nxe5 Ka8 29. a3 Qd2 30. Bf3 Ba6 31. Rb1 Rb8 32. Nd7 Qc2 33. Qg6 Bd3 34. Bxb7+ Rxb7 35. Qe8+ Bb8 36. Qxb8+ Rxb8 37. Rxb8# 1-0


[Site "https://www.chess.com"]

[Event "Titled Tuesday Blitz July 4 Early 2023"]
[White "Ter-Sahakyan, Samvel"]
[Black "So, Wesley"]
[WhiteFideId "13302531"]
[BlackFideId "5202213"]
[WhiteElo "2868"]
[BlackElo "3071"]
[Result "1/2-1/2"]
[Round "10"]
[TimeControl "180+2"]
[Date "2023.07.04"]
[WhiteClock "0:00:05"]
[BlackClock "0:00:03"]
[Board "14"]

1. d4 d5 2. c4 e6 3. Nf3 Nf6 4. g3 Bb4+ 5. Bd2 Be7 6. Bg2 Nbd7 7. Qc2 Ne4 8. O-O O-O 9. Bf4 c6 10. Nc3 g5 11. Bc1 f5 12. Rb1 Bf6 13. Rd1 a5 14. a3 Qe7 15. b4 axb4 16. axb4 Nb6 17. Nxe4 fxe4 18. Ne5 Bxe5 19. dxe5 Nxc4 20. Bxe4 Nxe5 21. Bg2 Nc4 22. e4 Na3 23. Bxa3 Rxa3 24. b5 Bd7 25. bxc6 bxc6 26. Rb7 Rf7 27. Rb8+ Rf8 28. Rb7 Rf7 29. Rb8+ Kg7 30. Qb2+ Kh6 31. Rg8 Ra4 32. h4 Rg7 33. hxg5+ Qxg5 34. Rxg7 Qxg7 35. Qb8 Kg6 36. Qf4 h5 37. Qd6 Ra1 38. Rxa1 Qxa1+ 39. Kh2 Qa7 40. exd5 cxd5 41. Bxd5 Qxf2+ 42. Bg2 Qf7 43. Be4+ Kg7 44. Qe5+ Kf8 45. Qd6+ Kg8 46. Qe5 Qf2+ 47. Kh3 Qf7 48. Kh4 Be8 49. Qg5+ Kf8 50. Qh6+ Ke7 51. Qg5+ Kd6 52. Qd2+ Ke5 53. Bc2 Qf6+ 54. Kh3 Qf1+ 55. Kh2 Bc6 56. Qc3+ Kd6 57. Qb4+ Kc7 58. Qa5+ Kd7 59. Qa7+ Kd6 60. Qd4+ Bd5 61. Qf4+ Qxf4 62. gxf4 Bf3 63. Kg3 Bg4 64. Kh4 Kd5 65. Bg6 Kd4 66. Bxh5 Bf5 67. Kg5 e5 68. Kxf5 exf4 69. Kxf4 1/2-1/2


[Site "https://www.chess.com"]

[Event "Titled Tuesday Blitz July 4 Early 2023"]
[White "Lazavik, Denis"]
[Black "Goltsev, Dmitry"]
[WhiteFideId "13515110"]
[BlackFideId "24176710"]
[WhiteElo "3034"]
[BlackElo "2828"]
[Result "1-0"]
[Round "10"]
[TimeControl "180+2"]
[Date "2023.07.04"]
[WhiteClock "0:02:46"]
[BlackClock "0:01:47"]
[Board "15"]

1. d4 Nf6 2. c4 b6 3. f3 e6 4. e4 d5 5. e5 Nfd7 6. cxd5 exd5 7. Nc3 c6 8. f4 Be7 9. Nf3 O-O 10. Bd3 Ba6 11. O-O Bxd3 12. Qxd3 Qc8 13. f5 Qa6 14. Qd1 Re8 15. f6 gxf6 16. Nh4 fxe5 17. Nf5 Bf6 18. Qh5 Rf8 19. Bh6 exd4 20. Qg4+ Kh8 21. Bg7+ 1-0


[Site "https://www.chess.com"]

[Event "Titled Tuesday Blitz July 4 Early 2023"]
[White "Kantor, Gergely"]
[Black "Deac, Bogdan-Daniel"]
[WhiteFideId "751499"]
[BlackFideId "1226380"]
[WhiteElo "2822"]
[BlackElo "3004"]
[Result "0-1"]
[Round "10"]
[TimeControl "180+2"]
[Date "2023.07.04"]
[WhiteClock "0:00:00"]
[BlackClock "0:00:13"]
[Board "16"]

1. d4 Nf6 2. c4 e6 3. Nf3 d5 4. Nc3 a6 5. cxd5 exd5 6. Bg5 Be6 7. e3 Nbd7 8. Bd3 h6 9. Bh4 g5 10. Bg3 Nh5 11. Be5 Nhf6 12. Bg3 c6 13. h3 Rg8 14. Qc2 Nb6 15. Ne5 Bd6 16. Bh2 Qc7 17. O-O Nbd7 18. e4 g4 19. h4 g3 20. Bxg3 Nxe5 21. Bxe5 Bxe5 22. dxe5 Qxe5 23. exd5 Nxd5 24. Nxd5 Qxd5 25. Be4 Qh5 26. Rfe1 Kf8 27. Re3 Rd8 28. Bf3 Qxh4 29. Rae1 Qg5 30. b3 Rg6 31. Re5 Qf6 32. Qc5+ Kg7 33. Qb4 Qxf3 0-1


[Site "https://www.chess.com"]

[Event "Titled Tuesday Blitz July 4 Early 2023"]
[White "Kramnik, Vladimir"]
[Black "demon64fields"]
[WhiteFideId "4101588"]
[WhiteElo "2972"]
[BlackElo "2821"]
[Result "0-1"]
[Round "10"]
[TimeControl "180+2"]
[Date "2023.07.04"]
[WhiteClock "0:00:00"]
[BlackClock "0:01:36"]
[Board "17"]

1. e4 e6 2. d4 d5 3. e5 c5 4. c3 Nc6 5. Nf3 Bd7 6. Be2 Nge7 7. O-O Ng6 8. Be3 cxd4 9. cxd4 Be7 10. Nc3 O-O 11. a3 f6 12. exf6 Bxf6 13. Rc1 Rc8 14. Re1 Nh4 15. Nxh4 Bxh4 16. g3 Bg5 17. f4 Bf6 18. Bf3 Ne7 19. Bf2 Qb6 20. Qd2 Nf5 21. Rcd1 Nd6 22. Qe2 Kh8 23. Rd3 Nc4 24. Rb1 a5 25. Kg2 Qd6 26. h4 b5 27. Qe1 b4 28. axb4 Qxb4 29. h5 a4 30. Nd1 Qxe1 31. Bxe1 Rb8 32. Bc3 Rb3 33. Rc1 Bb5 0-1


[Site "https://www.chess.com"]

[Event "Titled Tuesday Blitz July 4 Early 2023"]
[White "Aravindh, Chithambaram VR."]
[Black "Rustemov, Alexander"]
[WhiteFideId "5072786"]
[BlackFideId "4119002"]
[WhiteElo "2916"]
[BlackElo "2797"]
[Result "1-0"]
[Round "10"]
[TimeControl "180+2"]
[Date "2023.07.04"]
[WhiteClock "0:00:35"]
[BlackClock "0:00:19"]
[Board "18"]

1. b3 d5 2. Bb2 Nf6 3. Nf3 Bf5 4. g3 e6 5. Bg2 h6 6. O-O Be7 7. c4 O-O 8. d3 a5 9. Nc3 c6 10. Re1 Bh7 11. e4 dxc4 12. bxc4 c5 13. e5 Nfd7 14. Ne4 Nc6 15. Rb1 Qc7 16. Bc3 Rfd8 17. Qc1 Rab8 18. Qf4 Nb4 19. Bf1 Nxa2 20. Bb2 Nb4 21. Nd6 Rf8 22. Rbd1 b6 23. d4 cxd4 24. Nxd4 Nc2 25. N4b5 Qc5 26. Re2 a4 27. Ne4 Qxc4 28. Nf6+ Nxf6 29. Qxc4 Rfc8 30. exf6 Rxc4 31. fxe7 Rcc8 32. Red2 Re8 33. Nc7 f6 34. Rd8 Kf7 35. Nxe8 Rb7 36. Nd6+ Kxe7 37. Nxb7 1-0


[Site "https://www.chess.com"]

[Event "Titled Tuesday Blitz July 4 Early 2023"]
[White "Shimanov, Aleksandr"]
[Black "Mekhitarian, Krikor Sevag"]
[WhiteFideId "4198603"]
[BlackFideId "2107660"]
[WhiteElo "2911"]
[BlackElo "2794"]
[Result "0-1"]
[Round "10"]
[TimeControl "180+2"]
[Date "2023.07.04"]
[WhiteClock "0:00:00"]
[BlackClock "0:00:01"]
[Board "19"]

1. e4 e6 2. d4 d5 3. exd5 exd5 4. Nf3 Nf6 5. Bd3 Bd6 6. Qe2+ Be7 7. Bf4 O-O 8. O-O Re8 9. Qd2 Ne4 10. Bxe4 dxe4 11. Ne5 f6 12. Nc4 Be6 13. Ne3 c6 14. c4 Bf7 15. Nc3 Bd6 16. Bxd6 Qxd6 17. Rad1 Nd7 18. b3 Rad8 19. Nf5 Qf8 20. Qf4 g5 21. Qg3 Nb6 22. Rfe1 Bg6 23. Nd6 Qxd6 24. Qxd6 Rxd6 25. c5 Nd5 26. cxd6 Nxc3 27. Rd2 Nd5 28. a3 Rd8 29. b4 Rxd6 30. Rb2 a6 31. g3 Kf7 32. a4 Nc7 33. Rd1 Bf5 34. Kf1 Be6 35. Ke2 f5 36. f3 exf3+ 37. Kxf3 Bd5+ 38. Kf2 Kf6 39. Re1 Be6 40. Rd1 h6 41. Rdd2 Bd7 42. Ke3 Ne6 43. Rd1 f4+ 44. gxf4 Nxf4 45. Rf2 Re6+ 46. Kd2 Re4 47. Kc2 Bf5 48. Kb2 Re3 49. Rfd2 Ke6 50. b5 axb5 51. axb5 cxb5 52. d5+ Kd6 53. Ra1 Nd3+ 54. Kc3 b4+ 55. Kc4 b3 56. Kxb3 Nc5+ 57. Kc4 Re4+ 58. Kc3 Re3+ 59. Kc4 Bd7 60. Rf1 Re4+ 61. Kc3 b5 62. Rf6+ Ke5 63. Rxh6 b4+ 64. Kb2 Bb5 65. d6 Rd4 66. Rxd4 Kxd4 67. Rg6 Nd3+ 68. Kb3 Bc4+ 69. Kc2 b3+ 70. Kb1 Ne5 71. Rxg5 Bd3+ 72. Kb2 Bc4 73. Rg3 Nd7 74. h4 Nc5 75. Rg4+ Kd5 0-1


[Site "https://www.chess.com"]

[Event "Titled Tuesday Blitz July 4 Early 2023"]
[White "Grandelius, Nils"]
[Black "Harsh Suresh"]
[WhiteFideId "1710400"]
[BlackFideId "45018464"]
[WhiteElo "2898"]
[BlackElo "2790"]
[Result "0-1"]
[Round "10"]
[TimeControl "180+2"]
[Date "2023.07.04"]
[WhiteClock "0:00:20"]
[BlackClock "0:00:15"]
[Board "20"]

1. Nf3 g6 2. g3 Bg7 3. d4 d5 4. Bg2 e6 5. O-O Ne7 6. c4 O-O 7. Nc3 b6 8. cxd5 Nxd5 9. e4 Nxc3 10. bxc3 Bb7 11. Re1 c5 12. Bg5 Qc7 13. h4 Nc6 14. h5 h6 15. Bf4 e5 16. Be3 cxd4 17. cxd4 exd4 18. Bf4 Qe7 19. hxg6 fxg6 20. Nh4 Kh7 21. Qg4 g5 22. Nf5 Qf6 23. Bd6 Rf7 24. e5 Qe6 25. Be4 Kh8 26. Nxh6 Qxh6 27. Kg2 Rxf2+ 28. Kxf2 Qh2+ 29. Kf3 Rf8+ 30. Bxf8 Nxe5# 0-1


[Site "https://www.chess.com"]

[Event "Titled Tuesday Blitz July 4 Early 2023"]
[White "Demidov, Mikhail"]
[Black "Gorovets, Andrey"]
[WhiteFideId "4197143"]
[BlackFideId "13504037"]
[WhiteElo "2894"]
[BlackElo "2770"]
[Result "1-0"]
[Round "10"]
[TimeControl "180+2"]
[Date "2023.07.04"]
[WhiteClock "0:00:14"]
[BlackClock "0:00:00"]
[Board "21"]

1. Nf3 c5 2. e3 g6 3. d4 Nf6 4. Be2 Bg7 5. O-O b6 6. d5 e6 7. Nc3 exd5 8. Nxd5 Bb7 9. Bc4 O-O 10. Re1 Re8 11. c3 Na6 12. e4 Nc7 13. Bg5 Bxd5 14. Bxf6 Qxf6 15. Bxd5 Nxd5 16. Qxd5 Qc6 17. Rad1 Re7 18. Qxc6 dxc6 19. Rd6 Rc8 20. Kf1 Kf8 21. Nd2 Be5 22. Rd3 b5 23. b3 Ke8 24. g3 Rd8 25. Ree3 Red7 26. Ke2 Bc7 27. Rxd7 Rxd7 28. Rd3 Re7 29. f4 f6 30. Kf3 g5 31. Nf1 gxf4 32. gxf4 Rd7 33. Rxd7 Kxd7 34. c4 Ba5 35. Kg4 Ke6 36. Ng3 Bd2 37. Kf3 a6 38. Nf5 Bc1 39. Nh4 Bd2 40. Ng2 Kd6 41. Ke2 Bc1 42. Kf3 Bd2 43. Ne3 Ke6 44. Nd1 Bc1 45. Nf2 Bd2 46. h3 Bc1 47. Nd3 Bd2 48. Nxc5+ Kd6 49. Nd3 bxc4 50. bxc4 Bc3 51. Kg4 Ke6 52. Kh5 Bd4 53. Kh6 1-0


[Site "https://www.chess.com"]

[Event "Titled Tuesday Blitz July 4 Early 2023"]
[White "Atakhan, Abtin"]
[Black "Galchenko, Matvey"]
[WhiteFideId "22502203"]
[BlackFideId "24175480"]
[WhiteElo "2764"]
[BlackElo "2882"]
[Result "0-1"]
[Round "10"]
[TimeControl "180+2"]
[Date "2023.07.04"]
[WhiteClock "0:00:00"]
[BlackClock "0:00:05"]
[Board "22"]

1. Nf3 c5 2. c4 g6 3. e4 Bg7 4. d4 cxd4 5. Nxd4 Nc6 6. Be3 Nf6 7. Nc3 O-O 8. Be2 d6 9. O-O Nxd4 10. Bxd4 Bd7 11. h3 a5 12. Qc2 Bc6 13. Rfd1 a4 14. c5 Qa5 15. cxd6 exd6 16. Bf3 Rfe8 17. Rab1 Rac8 18. Qd3 b5 19. a3 b4 20. axb4 Qxb4 21. Ra1 Rcd8 22. Qc2 Rc8 23. Qd3 Qb7 24. Re1 Rcd8 25. Qc4 Rc8 26. Qd3 Ra8 27. Qc2 Qb4 28. Rad1 Qb7 29. Ra1 Nd7 30. Bxg7 Kxg7 31. Nxa4 Ne5 32. Nc3 Nxf3+ 33. gxf3 Qd7 34. Rxa8 Rxa8 35. Kg2 Rc8 36. Qd2 Qe6 37. Qd4+ f6 38. Rd1 Bd7 39. Qxd6 Qxh3+ 40. Kg1 Be6 41. Ne2 Re8 42. Nf4 Qxf3 43. Nxe6+ Rxe6 44. Qd7+ Kh6 45. Rd3 Qxe4 46. Rh3+ Kg5 47. Rg3+ Kh6 48. Rh3+ Kg5 49. Qd2+ Qf4 50. Rg3+ Kf5 51. Qd5+ Re5 52. Qd7+ Re6 53. Qd5+ Re5 54. Qd3+ Qe4 55. Qd7+ Re6 56. Qb5+ Kf4 57. Qb8+ Qe5 58. Qb4+ Qe4 59. Qb8+ Kf5 60. Qb5+ Qe5 61. Qd3+ Qe4 62. Rf3+ Kg5 63. Rg3+ Kh6 64. Qd7 Qe1+ 65. Kg2 Qe4+ 66. Kg1 Re7 67. Rh3+ Kg7 68. Qd2 Qb1+ 69. Kg2 Qe4+ 70. Kg1 Qf5 71. Qh6+ Kg8 72. Re3 Rxe3 73. Qxe3 Qg5+ 74. Qxg5 fxg5 75. b4 Kf7 76. b5 Ke7 0-1


[Site "https://www.chess.com"]

[Event "Titled Tuesday Blitz July 4 Early 2023"]
[White "Harsha Bharathakoti"]
[Black "MKlose11"]
[WhiteFideId "5078776"]
[WhiteElo "2871"]
[BlackElo "2649"]
[Result "1-0"]
[Round "10"]
[TimeControl "180+2"]
[Date "2023.07.04"]
[WhiteClock "0:00:48"]
[BlackClock "0:00:30"]
[Board "23"]

1. b3 Nf6 2. Bb2 g5 3. e4 d6 4. Nc3 h6 5. d4 Bg7 6. Qe2 e5 7. O-O-O exd4 8. e5 dxc3 9. exf6+ Be6 10. fxg7 cxb2+ 11. Kb1 Rg8 12. Qb5+ Nd7 13. Qxb7 Rxg7 14. Nf3 a5 15. Nd4 Nc5 16. Qf3 Rg6 17. Nxe6 Rxe6 18. Bc4 Rf6 19. Qe3+ Kf8 20. h4 g4 21. Rd4 Qe7 22. Qd2 Ne4 23. Rxe4 Qxe4 24. Bd5 Rxf2 25. Qxh6+ Ke7 26. Bxe4 1-0


[Site "https://www.chess.com"]

[Event "Titled Tuesday Blitz July 4 Early 2023"]
[White "Postny, Evgeny"]
[Black "Madaminov, Mukhiddin"]
[WhiteFideId "2804344"]
[BlackFideId "14210703"]
[WhiteElo "2749"]
[BlackElo "2999"]
[Result "0-1"]
[Round "10"]
[TimeControl "180+2"]
[Date "2023.07.04"]
[WhiteClock "0:00:18"]
[BlackClock "0:01:38"]
[Board "24"]

1. Nf3 d5 2. c4 d4 3. g3 Nc6 4. Bg2 e5 5. d3 Nf6 6. O-O a5 7. Bg5 Be7 8. Bxf6 Bxf6 9. Na3 O-O 10. Nc2 Nb4 11. Nd2 Be7 12. b3 c6 13. a3 Nxc2 14. Qxc2 h5 15. Rab1 Bxa3 16. f4 h4 17. fxe5 hxg3 18. hxg3 Qg5 19. Ne4 Qxe5 20. Rf4 f5 21. Ng5 Qe3+ 22. Kh2 Bd6 23. Rbf1 Bxf4 24. gxf4 Rf6 25. Rf3 Rh6+ 26. Bh3 Qe7 27. c5 Be6 28. Rg3 Bd5 29. Kg1 Re8 30. Kf2 Rh4 31. Qd2 Qxc5 32. Bg2 Rh2 33. Nf3 Bxf3 34. Rxf3 Re3 35. b4 Rxf3+ 36. exf3 axb4 37. Qa2+ Kh7 38. Kg3 Rh6 39. Qf7 Rg6+ 40. Kh3 Qc2 41. Bf1 Qf2 0-1


[Site "https://www.chess.com"]

[Event "Titled Tuesday Blitz July 4 Early 2023"]
[White "Makarian, Rudik"]
[Black "Komov, Roman"]
[WhiteFideId "44105681"]
[BlackFideId "24175714"]
[WhiteElo "2971"]
[BlackElo "2645"]
[Result "1-0"]
[Round "10"]
[TimeControl "180+2"]
[Date "2023.07.04"]
[WhiteClock "0:02:20"]
[BlackClock "0:00:28"]
[Board "25"]

1. Nf3 d5 2. g3 Nf6 3. Bg2 e6 4. O-O c5 5. d3 Nc6 6. Nbd2 Be7 7. e4 O-O 8. Re1 Qc7 9. e5 Nd7 10. Qe2 b5 11. Nf1 b4 12. h4 Re8 13. Bf4 h6 14. Ne3 Nd4 15. Nxd4 cxd4 16. Nxd5 exd5 17. e6 Qc5 18. exf7+ Kxf7 19. Qh5+ Kf8 20. Bxd5 1-0


[Site "https://www.chess.com"]

[Event "Titled Tuesday Blitz July 4 Early 2023"]
[White "Niekras, Dawid"]
[Black "Ibarra Jerez, Jose Carlos"]
[WhiteFideId "1160451"]
[BlackFideId "2226332"]
[WhiteElo "2632"]
[BlackElo "2890"]
[Result "0-1"]
[Round "10"]
[TimeControl "180+2"]
[Date "2023.07.04"]
[WhiteClock "0:00:02"]
[BlackClock "0:00:08"]
[Board "26"]

1. e4 c5 2. Nf3 Nc6 3. d4 cxd4 4. Nxd4 e5 5. Nb5 d6 6. a4 g6 7. N1c3 a6 8. Na3 Be6 9. Bc4 Rc8 10. Nd5 Nf6 11. Bg5 Bxd5 12. Bxd5 Qa5+ 13. c3 Nxd5 14. exd5 Ne7 15. Bf6 Rg8 16. O-O Qxd5 17. Qe2 Qe6 18. Bg5 f6 19. Bd2 Kf7 20. f4 Bg7 21. Rae1 Rgd8 22. Nc2 Kg8 23. Ne3 f5 24. fxe5 dxe5 25. Rd1 e4 26. Bc1 h5 27. h3 Be5 28. Nc2 Kh7 29. Nd4 Bxd4+ 30. cxd4 Nd5 31. Bg5 Rd7 32. Rc1 Rdc7 33. Rxc7+ Rxc7 34. Qf2 Rf7 35. Qg3 e3 36. Re1 f4 37. Qf3 Qf5 38. h4 Rc7 39. Kh2 Rc2 40. b4 Rf2 41. Qh3 Qg4 42. Qxg4 hxg4 43. Kg1 Rc2 44. Bxf4 Nxf4 45. Rxe3 Rxg2+ 46. Kf1 Rb2 47. Re7+ Kh6 48. Rxb7 g3 0-1


[Site "https://www.chess.com"]